 Dungeon Crawl Stone Soup version 0.30.1-11-g7821555f0a (webtiles) character file.

Game seed: 12632484289667434968

846 KittyFluff the Covered (level 8, -3/49 HPs)
             Began as a Gargoyle Berserker on Oct 28, 2023.
             Was a Priest of Trog.
             Splashed by a jelly's acid (5 damage)
             ... on level 5 of the Dungeon.
             The game lasted 00:20:11 (4709 turns).

KittyFluff the Covered (Gargoyle Berserker)         Turns: 4709, Time: 00:20:11

Health: -3/49      AC: -1    Str: 23    XL:     8   Next: 0%
Magic:  8/8        EV: 16    Int:  8    God:    Trog [***...]
Gold:   250        SH:  3    Dex:  9    Spells: 7/7 levels left

rFire   . . .        a - +0 mace
rCold   . . .        I - +0 buckler
rNeg    + . .        z - +0 leather armour {Will+}
rPois   ∞            q - +0 helmet
rElec   +            (no cloak)
rCorr   .            (no gloves)
SInv    .            (no boots)
Will    +....        (no amulet)
Stlth   +            c - +5 ring of evasion
HPRegen 0.28/turn    C - +4 ring of protection
MPRegen 0.11/turn

%: no passive effects
@: corroded
A: sickness immunity, AC +5, negative energy resistance 1, electricity
resistance, torment resistance 1, petrification resistance
a: Renounce Religion, Berserk, Trog's Hand


You were on level 5 of the Dungeon.
You worshipped Trog.
Trog was most pleased with you.
You visited 1 branch of the dungeon, and saw 5 of its levels.

You collected 250 gold pieces.

Inventory:

Hand Weapons
 a - a +0 mace (weapon)
 f - a +0 sling
Missiles
 g - 3 atropa-tipped darts (quivered)
 E - 6 boomerangs
 H - 3 poisoned darts
Armour
 q - a +0 helmet (worn)
 z - a +0 leather armour of willpower (worn)
 I - a +0 buckler (worn)
Jewellery
 c - a +5 ring of evasion (left hand)
 C - a +4 ring of protection (right hand)
 F - an amulet of faith
Wands
 i - a wand of roots (12)
 v - a wand of mindburst (9)
 D - a wand of polymorph (1)
Scrolls
 b - a scroll of enchant armour {unknown}
 e - a scroll of butterflies {unknown}
 h - a scroll of fear {unknown}
 o - 4 scrolls of teleportation
 r - a scroll of amnesia {unknown}
 s - a scroll of noise {unknown}
 w - a scroll of fog {unknown}
 y - a scroll of torment {unknown}
 A - a scroll of enchant weapon {unknown}
 B - a scroll of poison
Potions
 d - a potion of mutation {unknown}
 j - a potion of might
 k - 3 potions of heal wounds
 l - a potion of berserk rage {unknown}
 m - a potion of flight {unknown}
 n - 3 potions of lignification {unknown}
 p - a potion of haste {unknown}
 t - 3 potions of curing {unknown}
 u - a potion of magic {unknown}
 x - 2 potions of ambrosia {unknown}
 G - a potion of brilliance {unknown}


   Skills:
 + Level 5.0 Fighting
 * Level 5.6 Maces & Flails
 * Level 5.7 Armour
 + Level 3.2 Dodging
 + Level 1.8 Shields


You had 7 spell levels left.
You didn't know any spells.
Your spell library was empty.

Dungeon Overview and Level Annotations

Branches:
Dungeon (5/15)
 Temple: D:4-7

Altars:
Qazlal
Sif Muna
Trog

Shops:
D:4 =


Innate Abilities, Weirdness & Mutations

You are immune to sickness and miasma.
Your stone body is resilient. (AC +5)
You are immune to poison.
You resist negative energy. (rN+)
You are resistant to electric shocks. (rElec)
You are resistant to unholy torment.
You are immune to petrification.


Message History

You kill the orc priest!
Trog accepts your kill.
You have reached level 8!
You feel stronger.
You start waiting.
Done waiting.
You see here a +0 hand axe.
Found a book of Chaos.
Found a stone staircase leading down.
A jelly comes into view.
The jelly quivers.
You sock the jelly!
Your hands burn!
The jelly is heavily wounded.
The jelly completely misses you. The jelly misses you.
You hit the jelly.
Your hands burn!
The jelly is heavily wounded.
The jelly hits you. The acid corrodes you!
You are splashed with acid!
You hit the jelly.
Your hands burn!
The jelly is severely wounded.
The jelly hits you. The acid corrodes you!
You are splashed with acid.
You hit the jelly but do no damage.
Your hands burn!
The jelly is severely wounded.
The jelly barely misses you.
You hit the jelly but do no damage.
Your hands burn!
The jelly is severely wounded.
The jelly hits you but does no damage.
You hit the jelly. The acid corrodes you!
Your hands burn!
* * * LOW HITPOINT WARNING * * *
The jelly is almost dead.
The jelly jiggles.
The jelly hits you.
* * * LOW HITPOINT WARNING * * *
The acid corrodes you!
You are splashed with acid!
* * * LOW HITPOINT WARNING * * *
The jelly barely misses you.
You hit the jelly but do no damage.
Your hands burn!
* * * LOW HITPOINT WARNING * * *
The jelly is almost dead.
The jelly misses you.
You hit the jelly but do no damage.
Your hands burn!
You die...

#.##..#. .# ##...## #.##..#.
#(#### #..... #.....#. .....
#..... #..#.##. #...## .....
#..#.##. ##.....## ...# #..#.##.
##.......# ##.## #.....#.
#.........####.J.#########)#..#.
+.<........>...@..............##
#o........####...#########.#...#
##..oo...# ##:.# ####.##.##
##.S...## ##.# #.......# #.....#
#.# #.##.##.# #.##.# #.#
#.##.##.# .# # #.# #.##.##.# .#
#.# #.##..#.## #.# #.#.##


You could see a jelly.

Vanquished Creatures
  A black bear (D:5)
  A centaur (D:5)
  2 phantoms (D:5)
  A scorpion (D:4)
  A howler monkey (D:4)
  2 hounds
  A jelly (D:5)
  2 orc priests
  Jessica (D:2)
  Terence (D:3)
  An iguana (D:4)
  An orc wizard (D:4)
  7 gnolls
  4 adders
  A white imp (D:3)
  2 worms (D:2)
  2 dart slugs (D:3)
  2 orcs (D:4)
  7 ball pythons
  3 endoplasms
  4 giant cockroaches
  3 goblins
  7 hobgoblins
  7 jackals
  6 quokkas
  5 bats
  5 frilled lizards
  9 kobolds
  A rat (D:2)
90 creatures vanquished.

Notes
Turn   | Place    | Note
-------+----------+-------------------------------------------
     0 | D:1      | KittyFluff the Gargoyle Berserker began the quest for the
                  | Orb.
     0 | D:1      | Reached XP level 1. HP: 14/14 MP: 1/1
   347 | D:1      | Reached XP level 2. HP: 16/19 MP: 2/2
   798 | D:2      | Reached XP level 3. HP: 19/23 MP: 3/3
  1065 | D:2      | Reached ** piety under Trog
  1118 | D:2      | Noticed Jessica
  1139 | D:2      | Killed Jessica
  1140 | D:2      | Reached XP level 4. HP: 20/29 MP: 4/4
  1991 | D:3      | Found a shimmering blue altar of Sif Muna.
  2172 | D:3      | Found a bloodstained altar of Trog.
  2384 | D:3      | Reached XP level 5. HP: 33/33 MP: 5/5
  2392 | D:3      | Noticed Terence
  2422 | D:3      | Killed Terence
  2447 | D:3      | Found a bloodstained altar of Trog.
  3029 | D:4      | Found a stormy altar of Qazlal.
  3082 | D:4      | Found Eschyito's Jewellery Boutique.
  3234 | D:4      | Reached XP level 6. HP: 38/38 MP: 6/6
  3359 | D:4      | Reached *** piety under Trog
  3883 | D:5      | Entered Level 5 of the Dungeon
  3914 | D:5      | Noticed a black bear
  3926 | D:4      | Reached XP level 7. HP: 44/44 MP: 7/7
  3933 | D:5      | Reached skill level 5 in Maces & Flails
  3933 | D:5      | Reached skill level 5 in Armour
  4005 | D:5      | Reached skill level 1 in Shields
  4413 | D:5      | Reached skill level 5 in Fighting
  4588 | D:5      | Reached XP level 8. HP: 49/49 MP: 8/8
  4708 | D:5      | HP: 2/49 [acid (2)]
  4709 | D:5      | Splashed by a jelly's acid

Illustrated notes

Levels and vault maps discovered:
D:1:      spicycebolla_arrival_clurvy, layout_basic, minmay_tromino_mix6
D:2:      layout_loops_ring, uniq_jessica
D:3:      wad_woods_stonehenge, layout_basic,
          nzn_overflow_gifts_of_might_and_magic, st_stairs_4, uniq_terence
D:4:      layout_gridville, nicolae_qazlal_scattered_showers, serial_shops, shop
D:5:      layout_loops_corners, regret_index_temple_of_mockery,
          nicolae_concentric_dashed_squares_wild, kennysheep_generic_room_5

Skill      XL: |  1  2  3  4  5  6  7 |
---------------+----------------------+-----
Armour         | 3 4 5 |  5.7
Dodging        | 2 3 |  3.2
Fighting       | 4 5 |  5.0
Maces & Flails | 4 5 |  5.6
Shields        | 1 |  1.8

Action                     |  1- 3 |  4- 6 |  7- 9 || total
---------------------------+-------+-------+-------++-------
  Melee: Mace              |    92 |   274 |    60 ||   426
         Punch             |       |     2 |       ||     2
 Invoke: Berserk           |       |     1 |       ||     1
    Use: Scroll            |       |     5 |       ||     5
 Armour: Animal skin       |    16 |       |       ||    16
         Leather armour    |     5 |    88 |    31 ||   124
  Dodge: Dodged            |    76 |   234 |    54 ||   364
  Block: Buckler           |       |     1 |    10 ||    11
